 Dungeon Crawl Stone Soup version 0.18-a0-775-g4d9e04e (webtiles) character file.

6482 Gorice the Grappler (level 11, -7/88 HPs)
             Began as a Ghoul Wanderer on Dec 13, 2015.
             Was an Elder of Okawaru.
             Mangled by a tentacled starspawn (14 damage)
             ... on level 1 of the Abyss.
             The game lasted 00:45:49 (7850 turns).

Gorice the Grappler (Ghoul Wanderer)                Turns: 7850, Time: 00:45:49

Health: -7/88      AC: 15    Str: 18    XL:     11   Next: 0%
Magic:  10/10      EV:  6    Int: 10    God:    Okawaru [****..]
Gold:   299        SH:  0    Dex:  7    Spells: 0 memorised, 10 levels left

rFire  . . .     SeeInvis .       - Unarmed
rCold  + . .     Clarity  .     u - +0 plate armour
rNeg   + + +     SustAt   .     (no shield)
rPois  ∞         Gourm    .     (no helmet)
rElec  .         Spirit   .     (no cloak)
rCorr  .         Dismiss  .     (no gloves)
rMut   .         Stasis   .     (no boots)
MR     +....                    j - amulet of faith {!P}
Stlth  ..........               Q - ring of protection from magic
                                R - +1 ring of protection

@: about to teleport, rotting, somewhat resistant to hostile enchantments,
extremely unstealthy
A: rotting body, claws 1, carnivore 3, cold resistance 1, negative energy
resistance 3, slow regeneration 1, torment resistance, unbreathing
a: Heroism, Renounce Religion


You were on level 1 of the Abyss.
You worshipped Okawaru.
Okawaru was greatly pleased with you.
You were not hungry.

You visited 2 branches of the dungeon, and saw 9 of its levels.
You visited the Abyss 1 time.

You collected 299 gold pieces.

Inventory:

Hand Weapons
 b - a +0 arbalest
 o - a +2 whip of flaming
   (You took it off a kobold on level 3 of the Dungeon)
 v - a +2 whip of venom
   (You took it off an orc on level 4 of the Dungeon)
 A - a +3 hand crossbow
Missiles
 a - 17 bolts
 q - 33 poisoned needles
 x - 12 tomahawks (quivered)
 D - 13 silver bolts
 Z - 332 stones
Armour
 c - a +1 ring mail of cold resistance
   (You took it off an orc on level 5 of the Dungeon)
 u - a +0 plate armour (worn)
Jewellery
 g - a +1 ring of slaying
 j - an amulet of faith (around neck) {!P}
 m - an uncursed ring of teleportation
 s - a +2 ring of dexterity
 z - an uncursed amulet of resist corrosion {unknown}
 G - the ring "Ymagoag" {rPois Int+2 SInv}
   (You found it on level 4 of the Dungeon)

   [ring of see invisible]

   It affects your intelligence (+2).
   It protects you from poison.
   It lets you see invisible.
 Q - a ring of protection from magic (right claw)
 R - a +1 ring of protection (left claw)
Scrolls
 d - a scroll of magic mapping {!r}
 e - 3 scrolls of teleportation {!r}
 h - a scroll of noise {!r}
 i - 2 scrolls of amnesia
 w - 2 scrolls of remove curse
 y - a scroll of immolation {!r}
 E - a scroll of enchant armour {unknown}
 F - 2 scrolls of recharging
Potions
 k - 2 potions of curing
 l - 5 potions of brilliance {!q}
 n - a potion of flight
 p - 2 potions of magic {!q}
 C - a potion of haste {!q}
 J - a potion of agility {!q}
 N - a potion of berserk rage {unknown}
 P - a potion of might {!q}
 S - a potion of heal wounds {unknown}
Books
 B - a Young Poisoner's Handbook
 H - a book of Necromancy
 L - an Akashic Record
 M - Vehumet's Guide on Confrontation
   (You found it on level 4 of the Dungeon)

   Spells                             Type                      Level
   a - Iskenderun's Mystic Blast      Conjuration                  4
   b - Fulminant Prism                Conjuration/Hexes            4
   c - Iskenderun's Battlesphere      Conjuration/Charms           5
   d - Orb of Destruction             Conjuration                  7
Miscellaneous
 I - a crystal ball of energy
Comestibles
 f - 4 meat rations {!e}
 r - a slice of pizza
 t - a royal jelly
 K - 2 chunks of flesh
 O - a beef jerky


   Skills:
 - Level 5.4 Fighting
 + Level 8.9 Crossbows
 + Level 8.9 Armour
 - Level 2.1 Stealth
 + Level 10.0 Unarmed Combat


You had 10 spell levels left.
You didn't know any spells.

Dungeon Overview and Level Annotations

Branches:
Dungeon (8/15)             Temple (1/1) D:6
   Lair: D:8-11

Altars:
Ashenzari
Cheibriados
Dithmenos
Elyvilon
Fedhas
Gozag
Kikubaaqudgha
Makhleb
Nemelex Xobeh
Okawaru
Pakellas
Qazlal
Ru
Sif Muna
Vehumet
Xom
Zin
The Shining One

Shops:
D:5 %   D:7 %?[=

Annotations:
D:4 2 runed doors
D:8 Psyche


Innate Abilities, Weirdness & Mutations

Your body is rotting away.
You thrive on raw meat.
You are immune to poison.
You have sharp fingernails.
You are carnivorous and can eat meat at any time.
Your flesh is cold resistant.
You are immune to negative energy.
You regenerate slowly when monsters are visible.
You are immune to unholy pain and torment.
You can survive without breathing.


Message History

The tentacled starspawn is heavily damaged.
The tentacled starspawn bites you!
* * * LOW HITPOINT WARNING * * *
The tentacled starspawn closely misses you.
The starspawn tentacle grabs you.
* * * LOW HITPOINT WARNING * * *
The starspawn tentacle constricts you.
Damage: 17 (max 17) Unknown command.
Unknown command.
Unknown command.
Unknown command.
Unknown command.
Unknown command.
Unknown command.
Unknown command.
Unknown command.
Unknown command.
Unknown command.
Read which item? (? for menu, Esc to quit)
Really read
e - 4 scrolls of teleportation {!r}?
As you read the scroll of teleportation {!r}, it crumbles to dust.
You feel strangely unstable.
You feel the power of the Abyss delaying your translocation!
The yellow draconian scorcher hits you but does no damage.
The starspawn tentacle loses its grip on you.
The starspawn tentacle grabs you.
* * * LOW HITPOINT WARNING * * *
The starspawn tentacle constricts you.
Damage: 2 (max 17) Unknown command.
Unknown command.
You scratch the starspawn tentacle.
The starspawn tentacle is heavily damaged.
The starspawn tentacle loses its grip on you.
The starspawn tentacle grabs you. The starspawn tentacle constricts you.
A large abomination comes into view.
Your attempt to break free from the starspawn tentacle fails, but you feel that another attempt might succeed.
The tentacled starspawn bites you but does no damage.
The tentacled starspawn engulfs you.
* * * LOW HITPOINT WARNING * * *
The starspawn tentacle constricts you.
Damage: 3 (max 17)
You scratch the tentacled starspawn but do no damage.
The starspawn tentacle loses its grip on you.
The tentacled starspawn is heavily damaged.
The yellow draconian scorcher hits you with a dagger.
* * * LOW HITPOINT WARNING * * *
The tentacled starspawn bites you!
You die...

. # # .## . .
... . ##### .#
# ..#.#. .
...#. .
§.....## # .. .
. #
#.....###.###.
. #..#..#...#..
..
#.#.X..#w###..
.#..#..#.X@.#.#
.
#.#....w#q##...
##......##...#
. .. ....
###..##
###..#..# #.#.
# ...#
#.#.....## ....
# ##..#.. #.
###.....#... .
....#..#.


You could see a tentacled starspawn, a yellow draconian scorcher, a large
abomination and 2 starspawn tentacles.

Vanquished Creatures
  A large abomination (Abyss:1)
  A guardian serpent (Abyss:1)
  Grinder (D:5)
  A wyvern (D:8)
  A hungry ghost (D:7)
  4 hippogriffs
  A shadow (D:7)
  Grum (D:8)
  Eustachio (D:4)
  2 wolves (D:7)
  A steam dragon (D:7)
  Menkaure (D:5)
  2 sky beasts
  A phantom (D:4)
  A black bear (D:4)
  3 centaurs
  5 ogres
  3 orc warriors
  3 gnoll sergeants (D:5)
  8 giant frogs
  A wyvern skeleton (D:8)
  A killer bee (D:7)
  7 wights
  3 scorpions
  5 crimson imps
  6 orc priests
  2 jellies
  2 giant frog skeletons
  8 orc wizards
  A centaur skeleton (D:4)
  2 hounds
  3 iguanas
  8 worker ants
  A killer bee zombie (D:7)
  A hound zombie (D:7)
  A hound skeleton (D:7)
  6 adders
  A shadow imp (D:4)
  An ooze (D:3)
  5 worms
  3 adder skeletons
  6 giant geckos
  36 orcs
  4 ball pythons
  2 giant cockroaches (D:2)
  6 goblins
  3 hobgoblins
  7 jackals
  8 kobolds
  6 quokkas
  4 bats
  3 giant gecko skeletons
  6 giant newts
  A quokka skeleton (D:6)
  7 rats
209 creatures vanquished.

Vanquished Creatures (others)
  A rat (D:2)
  2 starspawn tentacles (Abyss:1)
  40 starspawn tentacle segments (Abyss:1)
43 creatures vanquished.

Grand Total: 252 creatures vanquished

Notes
Turn   | Place    | Note
--------------------------------------------------------------
     0 | D:1      | Gorice the Ghoul Wanderer began the quest for the Orb.
     0 | D:1      | Gorice set off with: a +2 hand crossbow, 27 bolts, a +0 ring mail, a scroll of teleportation {!r}, a +0 dagger, a meat ration {!e}
     0 | D:1      | Reached XP level 1. HP: 23/23 MP: 0/0
   163 | D:1      | Reached skill level 2 in Armour
   192 | D:1      | Reached XP level 2. HP: 29/29 MP: 1/1
   311 | D:1      | Reached skill level 1 in Unarmed Combat
   467 | D:1      | Reached XP level 3. HP: 33/36 MP: 2/2
   517 | D:1      | Reached skill level 2 in Crossbows
  1336 | D:3      | Reached XP level 4. HP: 36/42 MP: 3/3
  1558 | D:3      | Reached skill level 2 in Unarmed Combat
  1821 | D:3      | Reached XP level 5. HP: 48/48 MP: 4/4
  1964 | D:4      | Reached skill level 3 in Armour
  1997 | D:4      | Found a large runed door.
  2002 | D:4      | Reached skill level 3 in Crossbows
  2003 | D:4      | Found a large runed door.
  2090 | D:4      | Reached skill level 3 in Unarmed Combat
  2090 | D:4      | Reached XP level 6. HP: 50/56 MP: 5/5
  2176 | D:4      | Noticed Eustachio
  2185 | D:4      | Reached skill level 4 in Unarmed Combat
  2185 | D:4      | Reached XP level 7. HP: 51/61 MP: 6/6
  2207 | D:4      | Killed Eustachio
  2207 | D:4      | Reached skill level 4 in Crossbows
  2207 | D:4      | Reached skill level 4 in Armour
  2399 | D:4      | Reached skill level 5 in Unarmed Combat
  2412 | D:4      | HP: 12/61 [iguana (7)]
  2413 | D:4      | Reached XP level 8. HP: 13/69 MP: 7/7
  2443 | D:4      | Found a large runed door.
  2443 | D:4      | Found a large runed door.
  2450 | D:4      | Got a brightly glowing iron ring
  2459 | D:4      | Identified the ring "Ymagoag" {rPois Int+2 SInv} (You found it on level 4 of the Dungeon)
  2643 | D:4      | Reached skill level 5 in Crossbows
  2643 | D:4      | Reached skill level 5 in Armour
  2703 | D:4      | Identified Vehumet's Guide on Confrontation
  2892 | D:5      | Entered Level 5 of the Dungeon
  3101 | D:5      | Reached skill level 6 in Unarmed Combat
  3197 | D:5      | Noticed Menkaure
  3199 | D:5      | Killed Menkaure
  3281 | D:5      | Reached skill level 6 in Crossbows
  3281 | D:5      | Reached skill level 6 in Armour
  3281 | D:5      | Reached XP level 9. HP: 74/74 MP: 8/8
  3398 | D:5      | Found Qayz's Food Boutique.
  3558 | D:5      | Noticed Grinder
  3563 | D:5      | Paralysed by Grinder for 3 turns
  3572 | D:5      | Killed Grinder
  3572 | D:5      | Reached skill level 7 in Unarmed Combat
  3774 | D:6      | Found a staircase to the Ecumenical Temple.
  3805 | Temple   | Entered the Ecumenical Temple
  3902 | Temple   | Became a worshipper of Warmaster Okawaru
  4487 | D:6      | HP: 17/74 [orc warrior/dire flail (20)]
  4489 | D:6      | HP: 4/74 [orc warrior/dire flail (9)]
  4492 | D:6      | HP: 1/74 [worker ant (2)]
  4534 | D:6      | HP: 21/73 [orc/whip (3)]
  4748 | D:6      | HP: 21/74 [orc warrior/dire flail (10)]
  4763 | D:6      | HP: 22/74 [orc warrior/dire flail (1)]
  4772 | D:6      | HP: 11/74 [orc warrior/dire flail (12)]
  4889 | D:6      | Reached skill level 7 in Armour
  4925 | D:6      | Reached skill level 7 in Crossbows
  5086 | D:6      | Reached skill level 8 in Unarmed Combat
  5127 | D:6      | Reached * piety under Okawaru
  5282 | D:6      | Found an oddly glowing altar of Pakellas.
  5561 | D:7      | Found Mubiv's Jewellery Shoppe.
  5773 | D:7      | Found Furrir's Antique Armour Shop.
  5875 | D:7      | HP: 20/74 [sky beast (5)]
  5889 | D:7      | HP: 17/74 [sky beast (4)]
  5899 | D:7      | Reached XP level 10. HP: 13/81 MP: 6/9
  5961 | D:7      | HP: 19/81 [something (25)]
  5968 | D:7      | HP: 17/81 [something (3)]
  5969 | D:7      | Reached ** piety under Okawaru
  6334 | D:7      | Reached skill level 8 in Armour
  6600 | D:7      | Found Ithiw's Magic Scroll Shoppe.
  6608 | D:7      | Found Opekh's Food Shop.
  6826 | D:7      | Reached skill level 9 in Unarmed Combat
  6843 | D:7      | Reached skill level 8 in Crossbows
  7309 | D:8      | Reached *** piety under Okawaru
  7359 | D:8      | Noticed Grum
  7583 | D:8      | HP: 21/81 [wyvern skeleton (7)]
  7588 | D:8      | HP: 15/81 [Grum/spear (4)]
  7591 | D:8      | Killed Grum
  7749 | D:8      | Noticed Psyche
  7753 | D:8      | Cast into level 1 of the Abyss (Psyche)
  7788 | Abyss:1  | Noticed a large abomination
  7791 | Abyss:1  | Noticed a guardian serpent
  7804 | Abyss:1  | Killed a large abomination
  7804 | Abyss:1  | Reached **** piety under Okawaru
  7811 | Abyss:1  | Killed a guardian serpent
  7811 | Abyss:1  | Reached skill level 10 in Unarmed Combat
  7811 | Abyss:1  | Reached XP level 11. HP: 36/88 MP: 8/10
  7829 | Abyss:1  | Noticed a tentacled starspawn
  7829 | Abyss:1  | Noticed a yellow draconian scorcher
  7846 | Abyss:1  | HP: 15/88 [tentacled starspawn (14)]
  7850 | Abyss:1  | HP: 7/88 [yellow draconian scorcher/dagger (1)]
  7850 | Abyss:1  | Mangled by a tentacled starspawn

Vault maps used:
D:1:      elethiomel_arrival_infinity_welcomes_careful_drivers
D:2:      lemuel_old_faithful
D:4:      minmay_opposing_rooms, first_bread, minmay_hollow_rounded_squares,
          uniq_eustachio
D:5:      serial_shops, shop, sword_in_stone, uniq_menkaure, uniq_grinder
D:6:      minmay_temple_entry_junction, johnstein_pakellas_death_squad
D:7:      forest_paths, serial_shops, shop_fountains,
          nicolae_shop_window_shopping, nicolae_shop_statue_plus, shop
D:8:      lemuel_zombie_altar_yredelemnul, grunt_ogre_cave,
          kennysheep_another_room, minmay_lindwurm_lava, uniq_psyche, uniq_grum
Temple:   kilobyte_greek_temple_18

Action                   |  1- 3 |  4- 6 |  7- 9 | 10-12 || total
-------------------------+-------+-------+-------+-------++-------
Melee: Unarmed           |    10 |       |   325 |   232 ||   567
       Whip              |       |       |       |     1 ||     1
 Fire: Hand crossbow     |    89 |    85 |    91 |       ||   265
       Arbalest          |       |       |    69 |    21 ||    90
Throw: Tomahawk          |       |       |     7 |     1 ||     8
Invok: Heroism           |       |       |     1 |     2 ||     3
  Use: Scroll            |     6 |       |    14 |     4 ||    24
       Potion            |       |       |     3 |     1 ||     4
  Eat: Chunk             |     9 |     5 |    56 |    31 ||   101

Table legend:
 A = Turns spent in this place as a percentage of turns spent in the entire game.
 B = Non-inter-level travel turns spent in this place as a percentage of non-inter-level travel turns spent in the entire game.
 C = Inter-level travel turns spent in this place as a percentage of turns spent in this place.
 D = Turns resting spent in this place as a percentage of non-inter-level travel turns spent in this place.
 E = Turns spent auto-exploring this place as a percentage of non-inter-level travel turns spent in this place.
 F = Non-inter-level travel turns spent in this place divided by the number of levels of this place that you've seen.
                   A       B       C       D       E      F
               +-------+-------+-------+-------+-------+----------------------
         Total | 100.0 | 100.0 |   0.3 |   0.6 |   5.0 | 324.0
       Dungeon |  95.9 |  95.9 |   0.3 |   0.6 |   5.1 | 388.5
        Temple |   0.9 |   0.8 |   3.6 |   0.0 |   7.4 |  27.0
         Abyss |   3.2 |   3.2 |   0.0 |   0.0 |   0.0 | 105.0
               +-------+-------+-------+-------+-------+----------------------

Vault maps used:
D:1:      elethiomel_arrival_infinity_welcomes_careful_drivers
D:2:      lemuel_old_faithful
D:4:      minmay_opposing_rooms, first_bread, minmay_hollow_rounded_squares,
          uniq_eustachio
D:5:      serial_shops, shop, sword_in_stone, uniq_menkaure, uniq_grinder
D:6:      minmay_temple_entry_junction, johnstein_pakellas_death_squad
D:7:      forest_paths, serial_shops, shop_fountains,
          nicolae_shop_window_shopping, nicolae_shop_statue_plus, shop
D:8:      lemuel_zombie_altar_yredelemnul, grunt_ogre_cave,
          kennysheep_another_room, minmay_lindwurm_lava, uniq_psyche, uniq_grum
Temple:   kilobyte_greek_temple_18
